Map: King of Braxis Station

Players

MrFercho - Winner!

  • Race: Zerg Zerg
  • Spawn Location: 3:00

tigro

  • Race: Terran Terran
  • Spawn Location: 7:00

TATORREA

  • Race: Terran Terran
  • Spawn Location: 9:00

VOD

Have the link to the VOD?

Description

Time

  • Played on: March 30, 2020, 8:51 p.m.
  • Length: 26:57
Show
View Real Time Build Order
Export as new Build Order

MrFercho Zerg - Winner!

Build Orders: Hatch First 

Get SALT Encoding   

  12  0:03  Drone  
  13  0:13  Overlord  
  13  0:17  Drone  
  14  0:32  Drone  
  15  0:38  Drone  
  16  0:53  Hatchery  
  15  0:57  Drone  
  16  1:14  Drone x2  
  16  1:15  Drone  
  19  1:33  Extractor  
  19  1:36  Extractor  
  19  1:38  Drone x2  
  19  1:54  Drone  
  20  2:02  Hatchery  
  20  2:03  Hatchery  
  18  2:20  Hatchery  
  18  2:22  Drone  
  18  2:23  Drone x2  
  20  2:40  Spawning Pool  
  19  3:04  Drone x2  
  19  3:05  Drone  
  22  3:18  Drone x4  
  22  3:19  Drone x2  
  28  3:27  Metabolic Boost  
  28  3:38  Extractor  
  28  3:39  Drone x2  
  29  3:55  Hatchery  
  29  3:59  Drone x3  
  29  4:02  Overlord x2  
  31  4:21  Roach Warren  
  30  4:24  Lair  
  30  4:32  Drone x3  
  30  4:33  Drone x5  
  38  4:55  Extractor  
  38  4:58  Drone x3  
  40  5:34  Zergling x10  
  45  5:36  Overlord x3  
  45  5:37  Overlord  
  45  5:38  Hatchery, Roach  
  45  5:39  Extractor  
  45  5:43  Extractor  
  45  5:49  Drone x3  
  47  6:21  Evolution Chamber x2  
  45  6:28  Evolution Chamber  
  44  6:42  Queen x3  
  44  6:43  Queen  
  44  6:46  Pneumatized Carapace  
  52  6:56  Infestation Pit  
  52  6:59  Zerg Melee Weapons Level 1, Zerg Missile Weapons Level 1  
  52  7:00  Zerg Ground Armor Level 1  
  46  7:19  Burrow  
  44  7:49  Drone x2  
  44  7:50  Drone  
  47  7:52  Drone x2  
  47  7:53  Drone x6  
  47  7:55  Overlord x4  
  55  8:04  Drone x3  
  58  8:31  Spire  
  57  8:34  Spire  
  57  8:41  Hydralisk Den, Drone x5  
  57  8:42  Hydralisk Den, Drone x6  
  57  8:43  Drone x6  
  57  8:44  Drone  
  72  9:40  Hatchery  
  72  9:41  Hatchery  
  72  9:43  Hive  
  72  9:44  Hatchery  
  69  9:49  Zerg Flyer Armor Level 1, Zerg Flyer Weapons Level 1  
  69  9:51  Mutalisk x2  
  69  9:52  Hatchery, Mutalisk x4  
  76  9:53  Extractor, Mutalisk  
  76  9:54  Extractor  
  80  10:07  Drone x3  
  80  10:11  Drone  
  80  10:12  Drone  
  75  13:00  Zergling x2  
  75  13:01  Zergling x6, Corruptor x3  
  75  13:02  Roach x2  
  75  13:03  Roach x4  
  75  13:05  Hydralisk x2  
  97  13:06  Hydralisk x2  
  97  13:10  Zerg Missile Weapons Level 2, Zerg Ground Armor Level 2, Zerg Melee Weapons Level 2  
  105  13:15  Zerg Flyer Weapons Level 2  
  105  13:16  Zerg Flyer Armor Level 2  
  103  13:23  Adrenal Glands  
  101  13:40  Drone x2  
  101  13:41  Drone  
  104  13:43  Queen  
  106  13:51  Drone x2  
  106  13:52  Drone  
  105  14:19  Queen  
  107  14:31  Neural Parasite  
  107  14:34  Glial Reconstitution  
  107  14:38  Grooved Spines  
  107  14:39  Muscular Augments  
  107  15:09  Lurker Den x2  
  105  15:19  Ultralisk Cavern  
  105  15:20  Drone x3  
  107  15:39  Greater Spire x2  
  107  15:50  Pathogen Glands  
  107  15:52  Tunneling Claws  
  107  15:54  Baneling Nest  
  106  16:08  Hatchery  
  105  16:11  Hatchery  
  105  16:13  Hatchery  
  105  16:15  Zerg Missile Weapons Level 3, Zerg Melee Weapons Level 3  
  105  16:16  Hatchery, Zerg Ground Armor Level 3  
  105  16:17  Hatchery  
  101  16:20  Hatchery  
  101  16:22  Hatchery  
  99  16:35  Ultralisk x2, Mutalisk x3  
  99  16:36  Mutalisk x2  
  99  16:37  Mutalisk x2  
  99  16:38  Corruptor x2  
  99  16:39  Hydralisk x6  
  135  16:40  Hydralisk x6  
  135  16:41  Hydralisk x4  
  135  16:44  Overlord  
  135  16:45  Overlord x5  
  135  16:46  Overlord x2, Unknown  
  161  16:54  Drone  
  162  17:30  Brood Lord x3  
  168  17:40  Lurker x4  
  168  17:41  Lurker  
  120  20:28  Hydralisk x2, Drone x5  
  124  20:29  Hydralisk x3  
  124  20:31  Roach x6  
  124  20:32  Ultralisk x2  
  124  20:33  Drone  
  124  20:34  Mutalisk x3  
  124  20:35  Mutalisk x4  
  170  20:37  Zergling x6  
  170  20:38  Zergling x14  
  170  20:39  Zergling x2  
  185  20:55  Hatchery  
  184  21:01  Hatchery  
  151  21:47  Zergling x8  
  151  21:48  Zergling x12  
  151  21:49  Zergling x12  
  151  21:50  Zergling x12  
  151  21:51  Zergling x22  
  170  22:11  Zergling x2  
  169  22:16  Ultralisk  
  169  22:18  Queen  
  169  22:19  Queen  
  174  22:40  Baneling  
  174  22:41  Baneling x4  
  174  22:42  Baneling  
  174  22:43  Baneling x28  
  174  22:44  Baneling x26  
  169  22:45  Baneling x6  
  166  23:16  Centrifical Hooks  
  141  23:34  Hydralisk x3  
  141  23:35  Hydralisk, Mutalisk x2  
  127  24:57  Corruptor x4  
  127  24:58  Mutalisk x4  
  127  24:59  Mutalisk x2  
  147  25:00  Roach  
  147  25:01  Roach x2  
  147  25:02  Mutalisk x4  
  147  25:03  Corruptor x4  
  147  25:04  Corruptor x3  
  175  25:52  Zergling x2, Roach x2  
  175  25:53  Zergling x4  
  175  25:54  Zergling x2  
  175  25:55  Zergling x18  
  175  25:56  Zergling x14  
Show
View Real Time Build Order
Export as new Build Order

tigro Terran 

Build Orders:  

Get SALT Encoding   

  12  0:06  SCV  
  13  0:19  Supply Depot  
  13  0:20  SCV  
  14  0:30  Refinery  
  14  0:38  Refinery  
  14  0:39  SCV  
  15  0:58  Barracks  
  15  1:03  SCV  
  16  1:15  SCV  
  17  1:28  SCV  
  18  1:40  Supply Depot  
  18  1:48  Marine  
  19  2:06  Marine  
  20  2:10  Barracks  
  20  2:21  Engineering Bay, SCV  
  21  2:24  Marine  
  22  2:42  Marine  
  23  2:59  Marine  
  23  3:01  SCV  
  23  3:04  Barracks Tech Lab  
  25  3:17  Factory  
  25  3:23  Orbital Command  
  25  3:26  Terran Infantry Weapons Level 1  
  25  3:39  Barracks Tech Lab  
  25  3:43  Marauder  
  27  4:07  Factory Tech Lab  
  27  4:16  Missile Turret  
  27  4:18  Concussive Shells  
  27  4:20  Combat Shield  
  27  4:28  Marauder  
  29  4:53  Supply Depot  
  29  4:58  Siege Tank, SCV  
  33  5:10  SCV  
  34  5:21  Terran Infantry Armor Level 1  
  34  5:31  Missile Turret  
  34  5:39  Stimpack  
  34  6:02  Starport  
  34  6:16  Marine  
  35  6:24  Marauder  
  37  6:34  Marine  
  38  6:44  Medivac  
  38  6:45  Marauder, Factory  
  42  6:51  Marine  
  43  7:06  Marauder  
  45  7:09  Marine  
  45  7:14  Medivac  
  45  7:15  Neosteel Armor  
  48  7:27  Marine  
  48  7:28  Marauder  
  51  7:33  Factory Tech Lab  
  51  7:34  Armory  
  51  7:35  Infernal Pre-Igniter  
  51  7:42  Siege Tank  
  54  7:57  Marauder  
  56  8:25  Supply Depot  
  56  8:43  Starport Tech Lab  
  56  8:54  Mag-Field Accelerator  
  56  8:55  Hi-Sec Auto Tracking  
  56  9:02  Starport  
  56  9:05  Corvid Reactor  
  56  9:19  Marine  
  56  9:23  Marine  
  58  9:37  Marine  
  59  9:41  Marine  
  60  9:51  Terran Infantry Weapons Level 2  
  60  9:54  Marine, Starport Tech Lab  
  60  9:59  Marine  
  62  10:01  Siege Tank  
  62  10:06  Missile Turret  
  65  10:12  Marine  
  66  10:16  Marine  
  67  10:23  Cloaking Field  
  67  10:30  Marine  
  67  10:34  Marine  
  69  10:43  Missile Turret  
  69  11:25  Missile Turret  
  69  11:43  Hyperflight Rotors  
  69  11:48  Command Center  
  52  13:33  SCV  
  53  13:45  SCV  
  54  13:52  Planetary Fortress  
  54  13:58  SCV  
  54  13:59  Missile Turret  
  55  14:10  SCV  
  56  14:22  SCV  
  56  14:23  Missile Turret  
  57  14:34  SCV  
  57  14:37  SCV, Refinery  
  59  14:46  SCV  
  59  14:47  Medivac  
  59  14:49  SCV  
  59  14:51  Terran Vehicle Weapons Level 1  
  63  14:58  SCV, Drilling Claws  
  64  15:02  SCV  
  128  15:07  Medivac  
  65  15:14  SCV  
  68  15:15  Fusion Core  
  68  15:17  Medivac  
  70  15:26  SCV  
  71  15:29  Refinery  
  71  15:36  SCV  
  71  15:38  SCV  
  73  15:48  SCV  
  74  15:50  SCV  
  75  16:00  SCV  
  75  16:02  SCV  
  77  16:12  Weapon Refit  
  77  16:13  SCV  
  77  16:14  SCV  
  77  16:17  Smart Servos  
  79  16:19  Missile Turret  
  79  16:25  SCV  
  80  16:33  SCV  
  81  16:45  Terran Vehicle And Ship Armor Level 1, SCV  
  81  16:47  Missile Turret x2  
  82  16:57  SCV  
  82  16:58  Thor  
  89  17:09  Missile Turret  
  89  17:10  SCV  
  90  17:22  SCV  
  91  17:24  Supply Depot  
  91  17:32  Factory  
  91  17:46  Battlecruiser  
  97  17:52  Rapid Reignition System  
  97  18:23  Factory Tech Lab  
  97  18:40  Terran Ship Weapons Level 1  
  97  18:48  Advanced Ballistics  
  97  18:56  Battlecruiser  
  99  19:08  Thor  
  89  19:58  Missile Turret  
  89  20:15  Command Center  
  46  22:21  Thor  
  59  22:24  Banshee  
  59  22:28  Viking  
  41  22:48  Missile Turret, SCV  
  30  23:00  SCV  
  28  23:12  SCV  
  7  24:51  Command Center  
  7  26:07  Supply Depot  
  7  26:09  SCV  
  8  26:21  SCV  
Show
View Real Time Build Order
Export as new Build Order

TATORREA Terran 

Build Orders:  

Get SALT Encoding   

  12  0:10  Refinery  
  12  0:21  Supply Depot  
  12  0:45  Engineering Bay  
  12  1:00  Refinery  
  12  1:13  Barracks  
  12  1:14  Supply Depot  
  12  1:29  SCV  
  13  1:38  Supply Depot  
  13  1:42  SCV  
  14  2:04  Barracks Tech Lab, Factory  
  14  2:20  Terran Infantry Weapons Level 1  
  14  2:33  Marauder  
  16  2:54  Marauder  
  18  3:09  Missile Turret  
  18  3:15  Marine  
  19  3:24  SCV  
  20  3:29  Missile Turret  
  20  3:33  Marine  
  21  3:35  Hellion  
  21  3:36  SCV  
  24  3:48  SCV  
  25  3:49  Missile Turret  
  25  4:10  Missile Turret  
  25  4:12  Hellion  
  27  4:33  Factory Tech Lab  
  27  4:39  Armory  
  27  4:40  Terran Infantry Armor Level 1  
  27  5:06  Siege Tank  
  30  5:28  Supply Depot  
  30  5:38  Siege Tank  
  33  5:51  Supply Depot  
  33  6:08  Terran Vehicle Weapons Level 1  
  33  6:10  Hellion  
  35  6:15  Supply Depot  
  35  6:34  Hi-Sec Auto Tracking  
  35  6:41  Starport  
  37  6:54  Hellion  
  37  7:30  Siege Tank  
  37  7:31  Terran Infantry Weapons Level 2  
  40  7:39  Starport Tech Lab  
  40  8:02  Terran Vehicle And Ship Armor Level 1  
  40  8:14  Orbital Command  
  40  8:46  Command Center  
  40  9:22  Siege Tank  
  43  9:31  Viking  
  45  9:47  Terran Infantry Armor Level 2  
  45  9:57  Terran Ship Weapons Level 1  
  45  10:02  Refinery  
  45  10:27  SCV  
  46  10:39  SCV  
  47  10:51  SCV  
  47  10:54  Siege Tank  
  51  11:12  Viking  
  41  11:42  Viking  
  43  11:50  Terran Vehicle Weapons Level 2  
  43  12:03  Missile Turret, Neosteel Armor  
  43  12:12  Viking  
  45  12:26  Missile Turret  
  41  12:42  Viking  
  43  12:57  Missile Turret  
  43  13:39  SCV  
  44  13:51  SCV  
  45  14:03  SCV  
  46  14:15  SCV  
  47  14:32  Terran Infantry Weapons Level 3  
  47  14:37  Terran Vehicle Weapons Level 3  
  47  15:16  SCV  
  48  15:28  SCV  
  49  15:29  Thor  
  55  16:01  Orbital Command  
  55  16:07  Refinery  
  55  16:17  Thor  
  61  16:38  Viking  
  63  16:40  Fusion Core  
  63  17:13  Terran Ship Weapons Level 2  
  63  17:14  Terran Infantry Armor Level 3  
  63  17:30  Supply Depot, Weapon Refit  
  63  17:45  Viking  
  65  17:53  Supply Depot  
  65  18:15  Viking  
  52  18:58  Siege Tank  
  55  19:08  Supply Depot  
  41  19:30  Siege Tank  
  41  20:03  Siege Tank  
  6  21:20  Engineering Bay  
  6  22:02  Supply Depot  
  6  22:28  Barracks  
  3  23:19  Marine  
  4  23:21  Factory  
  4  23:26  SCV  
  4  24:08  Hellion  
Tags
 
Add a new tag
Caveats
  • Supply blocks, unpowered buildings, or Contaminate may cause inaccurate times.
  • Supply counts are checked every 10 seconds.